 Dungeon Crawl Stone Soup version 0.17-a0-1485-g22cb0ee (webtiles) character file.

2517 Kisielow the Infuser (level 9, -2/48 HPs)
             Began as a Deep Elf Conjurer on July 4, 2015.
             Was a Believer of Vehumet.
             Slain by WhatIsLove's ghost (13 damage)
             ... on level 7 of the Dungeon.
             The game lasted 00:25:53 (8280 turns).

Kisielow the Infuser (Deep Elf Conjurer)            Turns: 8280, Time: 00:25:53

Health: -2/48      AC:  6    Str:  7    XL:     9   Next: 29%
Magic:  5/18       EV: 14    Int: 22    God:    Vehumet [**....]
Gold:   372        SH:  0    Dex: 17    Spells: 4 memorised, 7 levels left

rFire  . . .     SeeInvis .     I - +2 spear (venom)
rCold  . . .     Clarity  .     a - +0 robe
rNeg   . . .     SustAt   .     (no shield)
rPois  .         Gourm    .     m - +0 helmet
rElec  .         Spirit   .     w - +2 cloak {MR+}
rCorr  .         Warding  .     (no gloves)
rMut   .         Stasis   .     (no boots)
MR     +....                    (no amulet)
Stlth  ++........               (no ring)
                                r - +2 ring of dexterity

@: about to teleport, somewhat resistant to hostile enchantments, unstealthy
A: no striking features
a: Renounce Religion


You were on level 7 of the Dungeon.
You worshipped Vehumet.
Vehumet was pleased with you.
You were hungry.

You visited 2 branches of the dungeon, and saw 8 of its levels.

You collected 372 gold pieces.

Inventory:

Hand weapons
 I - a +2 spear of venom (weapon)
Armour
 a - a +0 robe (worn)
 m - a +0 helmet (worn)
 u - a +0 buckler
 w - a +2 cloak of magic resistance (worn)
Jewellery
 q - an uncursed amulet of faith
 r - a +2 ring of dexterity (left hand)
Magical devices
 p - a wand of polymorph (12)
Scrolls
 e - 2 scrolls of teleportation
 i - a scroll of enchant weapon
 j - 7 scrolls of identify
 k - a scroll of noise {unknown}
 v - a scroll of blinking
 y - a scroll of fear
 A - a scroll of remove curse {unknown}
 B - a scroll of acquirement {unknown}
Potions
 d - a potion of curing {unknown}
 g - 3 potions of heal wounds
 l - 2 potions of brilliance {unknown}
 o - 2 potions of lignification {unknown}
 s - a potion of ambrosia {unknown}
 t - a potion of resistance {unknown}
 x - a potion of mutation {unknown}
 C - a potion of might {unknown}
 G - 2 potions of degeneration {unknown}
 H - a potion of invisibility {unknown}
Books
 b - a book of Conjurations

   Spells                             Type                      Level
   a - Magic Dart                     Conjuration                  1
   b - Searing Ray                    Conjuration                  2
   c - Dazzling Spray                 Conjuration/Hexes            3
   d - Fulminant Prism                Conjuration/Hexes            4
   e - Iskenderun's Mystic Blast      Conjuration                  4
   f - Iskenderun's Battlesphere      Conjuration/Charms           5
 D - a book of Maledictions

   Spells                             Type                      Level
   a - Corona                         Hexes                        1
   b - Ensorcelled Hibernation        Hexes/Ice                    2
   c - Confuse                        Hexes                        3
   d - Tukima's Dance                 Hexes                        3
   e - Dazzling Spray                 Conjuration/Hexes            3
 E - a book of Transfigurations

   Spells                             Type                      Level
   a - Stoneskin                      Transmutation/Earth          2
   b - Irradiate                      Conjuration/Transmutation    5
   c - Statue Form                    Transmutation/Earth          6
   d - Hydra Form                     Transmutation                6
   e - Dragon Form                    Transmutation                7
 F - a Grand Grimoire

   Spells                             Type                      Level
   a - Monstrous Menagerie            Summoning                    6
   b - Summon Greater Demon           Summoning                    7
   c - Malign Gateway                 Summoning/Translocation      7
   d - Summon Horrible Things         Summoning                    8
Comestibles
 c - 4 bread rations
 f - 2 slices of pizza
 h - 5 chunks of flesh
 n - 5 fruits


   Skills:
 - Level 2.2 Fighting
 - Level 4.3 Dodging
 - Level 2.4 Stealth
 * Level 2.8 Shields
 - Level 4.8 Spellcasting
 - Level 9.2 Conjurations
 - Level 11.0 Charms
 - Level 0.2 Fire Magic


You had 7 spell levels left.
You knew the following spells:

 Your Spells              Type           Power        Failure   Level  Hunger
a - Magic Dart            Conj           ####         1%          1    None
d - Throw Flame           Conj/Fire      ####..       2%          2    None
q - Iskenderun's Battles  Conj/Chrm      #####...     6%          5    #####..
s - Searing Ray           Conj           #####.       1%          2    None


Dungeon Overview and Level Annotations

Branches:
Dungeon (7/15)             Temple (1/1) D:5

Altars:
Ashenzari
Cheibriados
Dithmenos
Elyvilon
Fedhas
Gozag
Kikubaaqudgha
Nemelex Xobeh
Okawaru
Qazlal
Ru
Sif Muna
Trog
Vehumet
Xom
Yredelemnul
Zin
The Shining One

Shops:
D:6 *(

Annotations:
D:7 WhatIsLove's ghost, experienced GrFi


Message History

The barrage of energy hits WhatIsLove's ghost.
WhatIsLove's ghost is moderately damaged.
The giant frog barely misses you. WhatIsLove's ghost hits you.
The searing ray hits WhatIsLove's ghost.
WhatIsLove's ghost is moderately damaged.
Your battlesphere fires!
The barrage of energy hits WhatIsLove's ghost.
WhatIsLove's ghost is heavily damaged.
Your battlesphere expends the last of its energy and dissipates.
The giant frog hits you but does no damage.
The giant frog hits you. WhatIsLove's ghost hits you!!
The searing ray hits WhatIsLove's ghost.
WhatIsLove's ghost is heavily damaged.
The giant frog closely misses you. WhatIsLove's ghost hits you.
* * * LOW HITPOINT WARNING * * *
x2 Read which item? (? for menu, Esc to quit)
As you read the scroll of teleportation, it crumbles to dust.
You feel strangely unstable. The giant frog closely misses you.
The giant frog barely misses you. WhatIsLove's ghost hits you!
You die...

...# ##.. ####.
##... ..# # .....
###...# ..# ..
#...##....)# ###.#
...
#.....§..)###...#
≈§≈≈
#........).....##
.≈#
#......(*...##.##
.#
#.W.F####..###..#
.# #..@# #..# #..#
.# ##..###
##.####.## ##
##.....###..# #..#
#..##...##.####.##
##.#####....###..#
### ###.##
###..##..## ##.#
#(...# ##.....####
#..# ##...#
#.....##.## ...#
##..##
##..(......##


You could see a giant frog and WhatIsLove's ghost.

Vanquished Creatures
  Prince Ribbit (D:5)
  Sigmund (D:3)
  The ghost of WhatIsLove the Caller, an average DsSu (D:3)
  Menkaure (D:5)
  An orc warrior (D:7)
  2 phantoms
  4 ogres
  A centaur (D:7)
  2 giant frogs
  A wyvern skeleton (D:6)
  A water moccasin skeleton (D:6)
  4 scorpions
  3 wights (D:7)
  A crimson imp (D:5)
  A jelly (D:6)
  A giant frog skeleton (D:6)
  2 orc priests (D:7)
  6 orc wizards
  A gnoll shaman (D:7)
  4 worker ants
  An iguana (D:6)
  A killer bee zombie (D:6)
  2 hound skeletons
  10 adders
  11 gnolls
  2 shadow imps (D:7)
  An ooze (D:3)
  3 adder skeletons (D:7)
  26 orcs
  12 bats
  A bat zombie (D:7)
  6 giant cockroaches
  5 goblins
  7 hobgoblins
  9 kobolds
  3 quokkas
  A ball python (D:1)
  A giant gecko (D:1)
  A giant gecko skeleton (D:6)
  4 giant newts
  9 jackals
  A quokka zombie (D:5)
  9 rats
165 creatures vanquished.

Vanquished Creatures (others)
  An orc wizard (D:5)
  A giant gecko (D:5)
  2 orcs (D:5)
4 creatures vanquished.

Grand Total: 169 creatures vanquished

Notes
Turn   | Place    | Note
--------------------------------------------------------------
     0 | D:1      | Kisielow the Deep Elf Conjurer began the quest for the Orb.
     0 | D:1      | Reached XP level 1. HP: 10/10 MP: 6/6
   354 | D:1      | Reached XP level 2. HP: 15/15 MP: 4/8
   384 | D:1      | Learned a level 2 spell: Searing Ray
   419 | D:1      | Reached skill level 5 in Conjurations
   959 | D:1      | Reached XP level 3. HP: 19/19 MP: 6/9
  1682 | D:2      | Reached skill level 6 in Conjurations
  1891 | D:2      | Found a sacrificial altar of Ru.
  1898 | D:2      | Found an opulent altar of Gozag.
  2038 | D:2      | Reached XP level 4. HP: 22/24 MP: 7/10
  2308 | D:3      | Found a glowing golden altar of the Shining One.
  2345 | D:3      | Noticed an ogre
  2355 | D:3      | Killed an ogre
  2355 | D:3      | Reached skill level 7 in Conjurations
  2355 | D:3      | Reached XP level 5. HP: 28/28 MP: 6/11
  2363 | D:3      | Learned a level 5 spell: Iskenderun's Battlesphere
  2450 | D:3      | Noticed Sigmund
  2504 | D:4      | Reached skill level 1 in Charms
  3436 | D:4      | Reached XP level 6. HP: 32/32 MP: 4/12
  3625 | D:5      | Entered Level 5 of the Dungeon
  3932 | D:5      | Noticed Menkaure
  3936 | D:5      | Killed Menkaure
  3936 | D:5      | Reached skill level 5 in Charms
  4124 | D:5      | Reached skill level 8 in Conjurations
  4124 | D:5      | Reached XP level 7. HP: 25/36 MP: 0/13
  4241 | D:5      | Found a staircase to the Ecumenical Temple.
  4244 | D:5      | Noticed Prince Ribbit
  4251 | D:5      | Killed Prince Ribbit
  4253 | Temple   | Entered the Ecumenical Temple
  4324 | Temple   | Became a worshipper of Vehumet
  5126 | D:6      | Found a glowing silver altar of Zin.
  5127 | D:6      | Found Zin's Purification Station.
  5407 | D:6      | Reached skill level 9 in Charms
  5407 | D:6      | Reached XP level 8. HP: 41/41 MP: 10/14
  5423 | D:6      | Acquired Vehumet's first power
  5423 | D:6      | Offered knowledge of Sandblast by Vehumet.
  5839 | D:6      | Found Daoxebewk's Antique Weapon Boutique.
  5854 | D:6      | Found a shattered altar of Ashenzari.
  5961 | D:6      | Reached skill level 1 in Fighting
  6157 | D:3      | Noticed WhatIsLove's ghost (average DsSu)
  6164 | D:3      | Killed WhatIsLove's ghost
  6280 | D:3      | Found a snail-covered altar of Cheibriados.
  6353 | D:3      | Killed Sigmund
  6353 | D:3      | Reached skill level 10 in Charms
  6748 | D:3      | Offered knowledge of Throw Flame by Vehumet.
  6752 | D:3      | Learned a level 2 spell: Throw Flame
  7311 | D:7      | Reached XP level 9. HP: 48/48 MP: 11/17
  7357 | D:7      | Reached skill level 11 in Charms
  7362 | D:7      | Offered knowledge of Conjure Flame by Vehumet.
  7561 | D:7      | Reached skill level 1 in Shields
  7669 | D:7      | Acquired Vehumet's second power
  7861 | D:7      | Noticed WhatIsLove's ghost (experienced GrFi)
  8280 | D:7      | Slain by WhatIsLove's ghost

Vault maps used:
D:1:      lemuel_arrival_broad_hall, nrook_mini_vaults, st_stairs_13
D:2:      amethyst_overflow_temple_binary
D:3:      cheibriados_altar_1, tso_metal_star, first_bread, uniq_sigmund
D:5:      lemuel_temple_firewalk, uniq_menkaure, uniq_prince_ribbit1
D:6:      ashenzari_altar_1, zin_purify, serial_shops, shop
D:7:      lightli_temple_of_fire
Temple:   circular_temple_12

Action                   |  1- 3 |  4- 6 |  7- 9 || total
-------------------------+-------+-------+-------++-------
Melee: Short sword       |     4 |       |       ||     4
 Cast: Magic Dart        |    57 |    86 |   199 ||   342
       Searing Ray       |     2 |     7 |    12 ||    21
       Iskenderun's Batt |       |     1 |    27 ||    28
  Use: Scroll            |       |     6 |     3 ||     9
  Eat: Chunk             |     3 |     5 |    14 ||    22
       Meat ration       |       |     1 |       ||     1
       Beef jerky        |       |       |     1 ||     1
       Fruit             |       |       |     2 ||     2
